 Dungeon Crawl Stone Soup version 0.30-a0-377-g5cb311bc9f (webtiles) character file.

Game seed: 16677664874058299339

235 lesbiats the Ruffian (level 5, -4/53 HPs)
             Began as a Troll Fighter on Nov 28, 2022.
             Killed from afar by a gnoll (7 damage)
             ... with a puff of flame
             ... while paralysed by a gnoll
             ... on level 3 of the Dungeon.
             The game lasted 00:07:32 (2613 turns).

lesbiats the Ruffian (Troll Fighter)                Turns: 2613, Time: 00:07:33

Health: -4/53      AC:  5    Str: 24    XL:     5   Next: 76%
Magic:  4/4        EV:  1    Int:  6    God:
Gold:   141        SH:  0    Dex:  9    Spells: 4/4 levels left

rFire   . . .      SeeInvis .      - Unarmed
rCold   . . .      Faith    .    b - +0 kite shield
rNeg    . . .      Spirit   .    a - +0 robe
rPois   .          Reflect  .    w - +1 hat
rElec   .          Harm     .    (no cloak)
rCorr   .          Rampage  .    (gloves unavailable)
Will    .....                    (boots unavailable)
Stlth   +.........               (no amulet)
HPRegen 1.08/turn                l - +4 ring of evasion
MPRegen 0.09/turn                (no ring)

@: paralysed
A: large, unfitting armour, claws 3, regeneration 1, shaggy fur 1, tough skin 1
a: no special abilities


You were on level 3 of the Dungeon.
You visited 1 branch of the dungeon, and saw 3 of its levels.

You collected 141 gold pieces.

Inventory:

Missiles
 f - 11 poisoned darts (quivered)
 t - 4 boomerangs
Armour
 a - a +0 robe (worn)
 b - a +0 kite shield (worn)
 w - a +1 hat (worn)
Jewellery
 l - a +4 ring of evasion (left claw)
Wands
 q - a wand of digging (6)
 u - a wand of roots (7)
Scrolls
 i - a scroll of identify {unknown}
 j - a scroll of acquirement {unknown}
 k - a scroll of enchant armour {unknown}
 n - a scroll of noise {unknown}
 r - a scroll of teleportation {unknown}
Potions
 c - 3 potions of might
 d - 2 potions of invisibility {unknown}
 e - 3 potions of mutation {unknown}
 g - a potion of heal wounds {unknown}
 h - a potion of brilliance {unknown}
 m - a potion of ambrosia {unknown}
 o - a potion of cancellation {unknown}
 p - a potion of resistance {unknown}
 s - a potion of magic {unknown}
 v - a potion of degeneration {unknown}
 x - a potion of lignification {unknown}


   Skills:
 + Level 3.3 Fighting
 - Level 2.4 Dodging
 + Level 3.7 Shields
 * Level 4.5 Unarmed Combat


You had 4 spell levels left.
You didn't know any spells.
Your spell library contained the following spells:

 Spells                   Type           Power      Damage    Failure   Level
 Shock                    Conj/Air       0%         1d3       75%         1
 Ensorcelled Hibernation  Hex/Ice        0%         N/A       87%         2
 Spider Form              Tmut/Pois      0%         N/A       98%         3
 Swiftness                Air            0%         N/A       98%         3
 Airstrike                Air            0%         2d(0-16)  100%        4
 Anguish                  Hex/Necr       0%         N/A       100%        4


Dungeon Overview and Level Annotations

Branches:
Dungeon (3/15)

Altars:

Shops:
D:1 ?

Annotations:
D:2 1 runed translucent door, Crazy Yiuf
D:3 1 transporter


Innate Abilities, Weirdness & Mutations

You are too large for most types of armour.
You have claws for hands.
Your natural rate of healing is unusually fast.
You are covered in fur. (AC +1)
You have tough skin. (AC +1)


Message History

The ball python hisses angrily.
The ball python bites you.
You see here 7 stones.
You scratch the ball python.
The ball python is heavily wounded.
You block the ball python's attack.
You scratch the ball python.
You kill the ball python!
No target in view!
You see here a ball python corpse.
t - 4 boomerangs (gained 2)
You see here a ball python corpse.
You see here 7 stones.
Found a stone staircase leading down.
The gnoll sergeant shouts!
The gnoll shouts!
The gnoll shouts!
Found a chain mail.
Partly explored, unvisited transporter.
Partly explored, unvisited transporter.
The gnoll shouts! x2; You hear a shout!
You see here a +0 chain mail.
Found 4 gold pieces.
There is a transporter here.
You enter the transporter and appear at another place.
The gnoll shouts!
The gnoll zaps a wand.
You suddenly lose the ability to move!
The gnoll hits you with a +2 flail of protection!
The gnoll hits you from afar with a +0 halberd.
The gnoll hits you with a +0 flail!
The gnoll hits you with a +2 flail of protection.
The gnoll hits you from afar with a +0 halberd!
The gnoll hits you with a +0 flail.
* * * LOW HITPOINT WARNING * * *
The gnoll hits you with a +2 flail of protection.
* * * LOW HITPOINT WARNING * * *
The gnoll hits you from afar with a +0 halberd!
* * * LOW HITPOINT WARNING * * *
The gnoll zaps a wand.
The puff of flame hits you!
You die...

.......>.≈≈#..###g###..#≈≈.#.##.#
#####..#.≈≈#g... .....#≈≈†......
...###.#.≈≈###.## #.###≈≈.#.##.#
##.# #...≈≈..#.#$ #.#..≈≈.#.##.#
#)# ###.≈≈.##.# #.##.≈≈.#.##.#
#.# #.≈≈.#g.# #.©#.≈≈...>... #.#
#[≈≈.##.#####.##.≈≈.#####. #.#
#.....#g#8⌠8#.#..≈≈.# #. #.#
#....©#gg@©.'.#©.~~.# #. ##.#
#.....#.#gg.#.#..≈≈.# #. ...#
#.≈≈.##.##.##.##.≈≈.# #. ####
#.≈≈.#. #...#..#.≈≈.# #.
########.≈≈.##.#⌠.⌠#.##.≈≈.# #.
......##.≈≈..#.#...#g#..≈≈.# #.
#####.##.≈≈###.##'##.###≈≈.## #.
#.##)≈≈#...........#≈≈..## #.
#.##.≈≈#..###.###g.#≈≈...# #.


You could see 5 gnolls.

Vanquished Creatures
  An orc priest (D:3)
  An iguana (D:2)
  Ijyb (D:3)
  7 adders
  7 orcs (D:3)
  6 ball pythons
  13 endoplasms
  4 giant cockroaches
  6 hobgoblins
  6 jackals
  4 quokkas
  9 bats
  5 frilled lizards
  4 goblins
  A kobold (D:1)
  6 rats
81 creatures vanquished.

Vanquished Creatures (others)
  6 plants (D:3)
6 creatures vanquished.

Grand Total: 87 creatures vanquished

Notes
Turn   | Place    | Note
-------+----------+-------------------------------------------
     0 | D:1      | lesbiats the Troll Fighter began the quest for the Orb.
     0 | D:1      | Reached XP level 1. HP: 22/22 MP: 0/0
   150 | D:1      | Reached XP level 2. HP: 29/29 MP: 1/1
   276 | D:1      | Found Fazogyed's Magic Scroll Shop.
   743 | D:2      | Reached skill level 3 in Unarmed Combat
   743 | D:2      | Reached XP level 3. HP: 36/36 MP: 2/2
   858 | D:2      | Reached XP level 4. HP: 41/44 MP: 3/3
  1368 | D:2      | Found a runed translucent door.
  1369 | D:2      | Noticed Crazy Yiuf
  1845 | D:3      | Noticed Ijyb
  1848 | D:3      | Paralysed by Ijyb for 5 turns
  1855 | D:3      | Paralysed by Ijyb for 3 turns
  1897 | D:2      | Reached skill level 4 in Unarmed Combat
  1897 | D:2      | Reached XP level 5. HP: 14/53 MP: 4/4
  1947 | D:3      | Killed Ijyb
  2195 | D:3      | Found a transporter.
  2328 | D:3      | Found a transporter.
  2585 | D:3      | Identified the +8 trident of the Hammering Eel {venom,
                  | Dex+2}
  2610 | D:3      | Paralysed by a gnoll for 5 turns
  2613 | D:3      | Killed from afar by a gnoll

Illustrated notes

Levels and vault maps discovered:
D:1:      shiori_arrival_elements, layout_loops_ring, serial_shops,
          nicolae_shop_temple_entry_statues_fountains
D:2:      minmay_razor_zed, layout_basic, grunt_ministairs_4,
          uniq_crazy_yiuf_cottage
D:3:      layout_loops_ring, gammafunk_ghost_gnarly_gnolls, uniq_ijyb

Skill      XL: |  1  2  3  4 |
---------------+-------------+-----
Shields        | 3 |  3.7
Unarmed Combat | 3 4 |  4.5
Fighting       | 3 |  3.3
Dodging        | |  2.4

Action                   |  1- 3 |  4- 6 || total
-------------------------+-------+-------++-------
Melee: Unarmed           |    77 |   151 ||   228
 Stab: Sleeping          |     1 |     1 ||     2
Armor: Robe              |    23 |    48 ||    71
Dodge: Dodged            |    20 |    55 ||    75
Block: Kite shield       |    25 |    55 ||    80

Table legend: (Time is in decaauts)
 A = Elapsed time spent in this place.
 B = Non-inter-level travel time spent in this place.
 C = Inter-level travel time spent in this place.
 D = Time resting spent in this place.
 E = Time spent auto-exploring this place.
 F = Levels seen in this place.
 G = Mean time per level.
                   A        B        C        D        E       F      G
               +--------+--------+--------+--------+--------+-----+--------+
         Total |   2628 |   2479 |    149 |     43 |   1836 |   3 |  876.0 |
       Dungeon |   2628 |   2479 |    149 |     43 |   1836 |   3 |  876.0 |
               +--------+--------+--------+--------+--------+-----+--------+

Top non-repeatable levels by time:
     D:2: 1155 daAuts
     D:3: 739 daAuts
     D:1: 733 daAuts
